[Event "Late-Titled-Tuesday-Blitz-March-19-2024"]
[Site "Chess.com"]
[Date "2024.03.19"]
[Round "5"]
[White "Misterfox120"]
[Black "santosalberto1987"]
[Result "1-0"]
[WhiteElo "2463"]
[BlackElo "2552"]
[TimeControl "180+1"]
[EndTime "14:55:24 PDT"]
[Termination "Misterfox120 won by resignation"]

1. d4 Nf6 2. Bf4 g6 3. Nc3 d5 4. e3 Bg7 5. Nb5 Na6 6. Nc3 Nb8 7. Nb5 Na6 8. Nc3 O-O 9. Bxa6 bxa6 10. Be5 Bf5 11.
Nge2 Rb8 12. b3 Ne4 13. Bxg7 Kxg7 14. Nxe4 Bxe4 15. O-O Qd6 16. Ng3 Bf5 17. Nxf5+ gxf5 18. Qd3 e6 19. g3 a5 20. a4 c5 21. Rac1 Rfc8 22. Rfd1 Rb4 23. c4 dxc4 24. Rxc4 Rxc4 25. Qxc4 Rc7 26. Rc1 Qb6 27. dxc5 Qc6 28. Qc3+ Kg8 29. Qxa5 Rb7 30. b4 Rd7 31. b5 Qf3 32. c6 Rd1+ 33.
Rxd1 Qxd1+ 34. Kg2 Qd5+ 35. Kh3 Qd1 36. c7 Qf1+ 37.
Kh4 Qc4+ 38. f4 Qc2 39. h3 Kg7 40. Qxa7 Qc3 41. Qd4+ Qxd4 42. exd4 1-0

[Event "Late-Titled-Tuesday-Blitz-March-19-2024"]
[Site "Chess.com"]
[Date "2024.03.19"]
[Round "5"]
[White "tarno17"]
[Black "Kopytkin"]
[Result "1-0"]
[WhiteElo "2200"]
[BlackElo "2419"]
[TimeControl "180+1"]
[EndTime "14:55:24 PDT"]
[Termination "tarno17 won by checkmate"]

1. e4 Nf6 2. e5 Nd5 3. Bc4 Nb6 4. Bb3 d5 5. exd6 cxd6 6. Nf3 d5 7. d4 Nc6 8. c3 Bg4 9. h3 Bh5 10. Bc2 e6 11.
O-O Bd6 12. Nbd2 Bg6 13. Re1 O-O 14. Bxg6 hxg6 15. Ne5 Nxe5 16. dxe5 Be7 17. Nf3 Nc4 18. Qe2 Rc8 19. Be3 Nxe3 20. Qxe3 Rc4 21. Nd4 Bc5 22.
Rad1 Qb6 23. b3 Bxd4 24. Rxd4 Rxd4 25. cxd4 Rc8 26. Rd1 Rc2 27. a4 Qc6 28. Qg5 Qc7 29. Rd3 a6 30. Rf3 b5 31. axb5 axb5 32. Kh2 b4 33.
Rf4 Rc3 34. Rf3 Kf8 35. Qh4 Kg8 36. Qg5 Qd8 37. Qxd8+ Kh7 38. Qh4+ Kg8 39. Qd8+ Kh7 40. Rxf7 Rc8 41. Qxc8 Kh6 42. Qh8+ Kg5 43. f4# 1-0

[Event "Late-Titled-Tuesday-Blitz-March-19-2024"]
[Site "Chess.com"]
[Date "2024.03.19"]
[Round "5"]
[White "moro182"]
[Black "VladimirKramnik"]
[Result "1-0"]
[WhiteElo "2919"]
[BlackElo "2998"]
[TimeControl "180+1"]
[EndTime "14:55:25 PDT"]
[Termination "moro182 won on time"]

1. d4 Nf6 2. Bf4 c5 3. e3 cxd4 4. exd4 g6 5. Nf3 Bg7 6. c3 O-O 7. h3 d6 8. Be2 Nc6 9. O-O Nh5 10. Bh2 e5 11. dxe5 dxe5 12. Qxd8 Rxd8 13. Na3 Nf4 14. Bxf4 exf4 15. Rad1 Bf5 16. Bc4 h6 17. Rfe1 g5 18. Nb5 Bg6 19. a3 Bf8 20. Nc7 Rac8 21.
Nd5 Kg7 22. Ba2 Bh5 23. Nb4 Rxd1 24.
Rxd1 Ne5 25. Bd5 Rd8 26. Re1 Bxb4 27. Rxe5 Bd6 28. Re1 Bxa3 29. Bxb7 Bxb2 30. c4 Bc3 31. Rc1 Ba5 32. c5 Bc7 33. Be4 a5 34. Ra1 Rb8 35. Nd4 Rb4 36. Nf5+ Kf6 37. f3 Bg6 38. Nd6 1-0

[Event "Late-Titled-Tuesday-Blitz-March-19-2024"]
[Site "Chess.com"]
[Date "2024.03.19"]
[Round "5"]
[White "jocmil"]
[Black "subham777"]
[Result "0-1"]
[WhiteElo "2729"]
[BlackElo "2540"]
[TimeControl "180+1"]
[EndTime "14:55:25 PDT"]
[Termination "subham777 won by resignation"]

1. Nf3 d5 2. d4 Nf6 3. c4 e6 4.
Nc3 Be7 5. Bg5 O-O 6. e3 Ne4 7. Bxe7 Qxe7 8. Bd3 f5 9. cxd5 Nxc3 10. bxc3 exd5 11.
O-O c6 12. Ne5 Nd7 13. f4 Nf6 14. a4 a5 15. Qb3 Ng4 16. Rae1 Rf6 17. h3 Nxe5 18.
fxe5 Rf8 19. Rf2 Qg5 20. Rf4 Qg3 21. Qd1 g5 22. Rf3 Qh4 23. Ref1 f4 24. exf4 g4 25. g3 Qxh3 26. Re3 Bf5 27. Rf2 Qh5 28. Rh2 Qg6 29. Rh4 h5 30. Rh2 Kg7 31. Qb1 Bxd3 32. Qxd3 Qxd3 33. Rxd3 Kg6 34. Rb2 Rf7 35. Re3 Re8 36.
Kg2 Kf5 37. Rb1 Rb8 38. Rh1 Rh7 39. e6 Re8 40. Re5+ Kg6 41. Rg5+ Kf6 42. Rgxh5 Rxh5 43. Rxh5 Rxe6 44. Rh7 Re2+ 45. Kf1 Rb2 46. Re7 Kxe7 0-1

[Event "Late-Titled-Tuesday-Blitz-March-19-2024"]
[Site "Chess.com"]
[Date "2024.03.19"]
[Round "5"]
[White "DFeco"]
[Black "ahkashefi2800"]
[Result "1-0"]
[WhiteElo "2460"]
[BlackElo "2601"]
[TimeControl "180+1"]
[EndTime "14:55:25 PDT"]
[Termination "DFeco won on time"]

1. c4 c5 2. g3 Nc6 3. Bg2 g6 4. Nc3 Bg7 5. a3 a5 6. Nf3 e5 7.
O-O d6 8. Ne1 Nge7 9. Nc2 O-O 10. Ne3 Be6 11. Ned5 f5 12. d3 h6 13. Bd2 Rb8 14.
Rb1 Kh7 15. b4 cxb4 16. axb4 Bxd5 17. Nxd5 Nxd5 18. Bxd5 axb4 19. Bxb4 f4 20. Bc3 Ne7 21. Bxb7 fxg3 22. hxg3 Nf5 23. Bg2 Qg5 24. Qd2 Qe7 25.
Qc2 h5 26. Rxb8 Rxb8 27. Rb1 Rxb1+ 28. Qxb1 Qa7 29. Qa1 Qb6 30. Qb2 Qa7 31. e3 h4 32.
g4 Nh6 33. Bf3 Nf7 34. Qb7 Qa3 35. Qxf7 Qxc3 36. Be4 Qe1+ 37. Kg2 h3+ 38. Kxh3 Qf1+ 39. Kg3 Qg1+ 40. Kf3 Qh1+ 41. Ke2 Qh6 42. Kd2 Qg5 43. f3 1-0

[Event "Late-Titled-Tuesday-Blitz-March-19-2024"]
[Site "Chess.com"]
[Date "2024.03.19"]
[Round "5"]
[White "RianKapriaga"]
[Black "kikoveiga"]
[Result "1-0"]
[WhiteElo "2364"]
[BlackElo "2512"]
[TimeControl "180+1"]
[EndTime "14:55:25 PDT"]
[Termination "RianKapriaga won by checkmate"]

1. d4 Nf6 2. Nf3 g6 3. c4 Bg7 4. Nc3 O-O 5. Bg5 h6 6. Bh4 d6 7. e3 Nbd7 8. Be2 c5 9. d5 Qa5 10. O-O a6 11. a4 g5 12. Bg3 Nh5 13. Rc1 Nxg3 14. hxg3 Rb8 15. Bd3 Qb4 16. Qe2 Ne5 17. Nxe5 Bxe5 18. f4 gxf4 19. gxf4 Bg7 20. Rc2 Kh8 21. Qh5 f5 22. Rf3 Bd7 23. Rh3 Be8 24. Qh4 Rf6 25. g4 Bxa4 26. Nxa4 Qxa4 27. g5 Rff8 28.
Rg2 Qd1+ 29. Bf1 Qc1 30. Qh5 b5 31. Qg6 bxc4 32. Rxh6+ Bxh6 33. Qxh6+ Kg8 34. g6 Qxb2 35. Qh7# 1-0

[Event "Late-Titled-Tuesday-Blitz-March-19-2024"]
[Site "Chess.com"]
[Date "2024.03.19"]
[Round "5"]
[White "mac0504"]
[Black "Sanan_Sjugirov"]
[Result "0-1"]
[WhiteElo "2714"]
[BlackElo "3002"]
[TimeControl "180+1"]
[EndTime "14:55:26 PDT"]
[Termination "Sanan_Sjugirov won on time"]

1. c4 Nf6 2. Nc3 g6 3. e4 d6 4.
d4 Bg7 5. Be2 O-O 6. Be3 Nc6 7.
d5 Ne5 8. h3 c6 9. Nf3 Nxf3+ 10. Bxf3 Bd7 11. O-O a6 12. Rc1 Rc8 13. Na4 c5 14. e5 Bxa4 15. Qxa4 dxe5 16. Rfd1 e4 17. Be2 Nd7 18. d6 e6 19. Bg5 f6 20. Bd2 Rc6 21. Ba5 Qe8 22. b4 cxb4 23. Bxb4 f5 24. c5 Qf7 25. Ba3 Bh6 26. Rb1 Nxc5 27. Bxc5 Rxc5 28.
d7 Rd8 29. Rxb7 Qe7 30. Qxa6 e3 31. fxe3 Bxe3+ 32. Kh1 Kg7 33. Bf3 Bf4 34. Qb6 Be5 35.
Re1 Kf6 36. a4 g5 37. a5 g4 38. Bd1 gxh3 39. gxh3 Rc3 0-1

[Event "Late-Titled-Tuesday-Blitz-March-19-2024"]
[Site "Chess.com"]
[Date "2024.03.19"]
[Round "5"]
[White "albi1999"]
[Black "Byniolus"]
[Result "1-0"]
[WhiteElo "2605"]
[BlackElo "2780"]
[TimeControl "180+1"]
[EndTime "14:55:26 PDT"]
[Termination "albi1999 won by resignation"]

1. Nf3 d5 2. e3 Nf6 3. c4 c6 4.
Nc3 Bg4 5. h3 Bxf3 6. Qxf3 e6 7.
b3 Be7 8. Bb2 O-O 9. d4 Bb4 10.
a3 Bxc3+ 11. Bxc3 Ne4 12. Bb2 f5 13. Bd3 Nd7 14. Qd1 a6 15. O-O b5 16. f3 Nef6 17. Bc3 Re8 18. a4 bxc4 19. bxc4 a5 20. c5 Qc7 21. Qd2 g6 22. Rab1 e5 23. dxe5 Nxe5 24.
Be2 Ned7 25. Bd4 Kf7 26. Rb3 Reb8 27. Rfb1 Rxb3 28. Rxb3 Nf8 29. Qb2 N6d7 30. Rb7 Qc8 31. Be5 Ne6 32. Bd6 Kg8 33. e4 Nd4 34. Rc7 Nxe2+ 35. Qxe2 Qe8 36. e5 Nf8 37. Re7 Qc8 38. e6 Ra7 39. Rxa7 Nxe6 40. Qe5 1-0

[Event "Late-Titled-Tuesday-Blitz-March-19-2024"]
[Site "Chess.com"]
[Date "2024.03.19"]
[Round "5"]
[White "HandKnit"]
[Black "Yurovskykh_Oleksandr"]
[Result "1-0"]
[WhiteElo "2490"]
[BlackElo "2589"]
[TimeControl "180+1"]
[EndTime "14:55:26 PDT"]
[Termination "HandKnit won on time"]

1. c4 e6 2. Nc3 d5 3. cxd5 exd5 4. d4 c6 5. Bf4 Bf5 6. e3 Nf6 7. Nge2 Bd6 8. Bxd6 Qxd6 9. Ng3 Bg6 10. Bd3 Nbd7 11. O-O O-O 12. Rb1 a5 13. Qc2 Nb6 14. Nf5 Bxf5 15.
Bxf5 g6 16. Bd3 Rfe8 17. Rfc1 Qe7 18. a3 Nc8 19. Ne2 Nd6 20. b4 axb4 21. axb4 Rec8 22. Ng3 b5 23. Ra1 Nc4 24. Qb3 Qb7 25. e4 Rxa1 26.
Rxa1 Ra8 27. Rxa8+ Qxa8 28. h3 Qa1+ 29. Kh2 Qxd4 30.
exd5 cxd5 31. Qc2 Kg7 32. Kg1 Qa1+ 33. Kh2 Qe1 34. Ne2 Qxf2 35. Nc3 Qf4+ 36. Kh1 Ne3 37. Qb2 Nc4 38. Qc2 Ne5 39. Bxb5 Qxb4 40. Bf1 Qf4 41. Qd1 d4 42. Ne2 Qf2 43. Nxd4 Ne4 44. Bb5 Ng3+ 45.
Kh2 1-0

[Event "Late-Titled-Tuesday-Blitz-March-19-2024"]
[Site "Chess.com"]
[Date "2024.03.19"]
[Round "5"]
[White "stepanosinovsky"]
[Black "ahmedkandiliii"]
[Result "1-0"]
[WhiteElo "2335"]
[BlackElo "2487"]
[TimeControl "180+1"]
[EndTime "14:55:26 PDT"]
[Termination "stepanosinovsky won by resignation"]

1. e4 c6 2. d3 d5 3. Nd2 g6 4. Ngf3 Bg7 5. g3 Nf6 6. Bg2 O-O 7. O-O Nbd7 8. Re1 e6 9. c3 b6 10. e5 Ne8 11. d4 c5 12. h4 f6 13. exf6 Qxf6 14. Nf1 Nd6 15. Ne3 Ne4 16. dxc5 bxc5 17.
Nxd5 exd5 18. Qxd5+ Kh8 19. Qxa8 Nd6 20. Bf4 Bb7 21.
Qxa7 Ra8 22. Qxa8+ Bxa8 23. Rad1 Bf8 24. Ne5 Nb6 25.
Bxa8 Nxa8 26. Nd7 Qf7 27. Nxf8 Qxf8 28. Rxd6 Nc7 29. Rd7 Nb5 30. Be5+ Kg8 31. Rg7+ Qxg7 32. Bxg7 Kxg7 33. Re5 Nd6 34. Rxc5 Ne4 35. Re5 Nd2 36. a4 Nf3+ 37. Kg2 Nxe5 38. a5 Nc6 39. a6 Kf6 40. b4 Na7 41. c4 Ke5 42. b5 Nc8 43.
c5 Kd5 44. b6 Kc4 45. b7 1-0

[Event "Late-Titled-Tuesday-Blitz-March-19-2024"]
[Site "Chess.com"]
[Date "2024.03.19"]
[Round "5"]
[White "Seochesspie"]
[Black "Vladimir_Zakhartsov"]
[Result "0-1"]
[WhiteElo "2872"]
[BlackElo "2996"]
[TimeControl "180+1"]
[EndTime "14:55:29 PDT"]
[Termination "Vladimir_Zakhartsov won by resignation"]

1. d4 Nf6 2. c4 e6 3. Nf3 d5 4.
Nc3 c5 5. e3 a6 6. dxc5 Bxc5 7. a3 Nc6 8. b4 Bd6 9. cxd5 exd5 10. Bb2 O-O 11. Be2 Bg4 12. O-O Re8 13. Rc1 Rc8 14. Na4 Ne4 15. Nc5 Bb8 16. Nd4 Qh4 17. f4 Bxe2 18. Qxe2 Nxc5 19. bxc5 Nxd4 20.
Bxd4 Bxf4 21. g3 Bxg3 22. hxg3 Qxd4 23. exd4 Rxe2 24. Rb1 Re7 25. Rb6 Rc6 26. Rxc6 bxc6 27. Rb1 g5 28. Rb6 Re4 29. Rxc6 Rxd4 30. Rxa6 Rc4 31.
c6 Kg7 32. Ra5 Rxc6 33. Rxd5 Kg6 34. a4 Rc3 35. Kg2 Ra3 36. a5 f6 37. Kf2 h5 38.
Kg2 Ra4 39. Kf2 h4 40. gxh4 Rxh4 41. a6 Ra4 42. Rd6 Kf5 43. Rb6 Ra3 44. Kg2 g4 45. Rb5+ Kf4 46. Rb4+ Kg5 47. Rb6 f5 48. Rc6 Ra2+ 49.
Kg1 g3 0-1

[Event "Late-Titled-Tuesday-Blitz-March-19-2024"]
[Site "Chess.com"]
[Date "2024.03.19"]
[Round "5"]
[White "Korchmar_Vasiliy"]
[Black "ckgchess"]
[Result "1-0"]
[WhiteElo "2714"]
[BlackElo "2922"]
[TimeControl "180+1"]
[EndTime "14:55:29 PDT"]
[Termination "Korchmar_Vasiliy won on time"]

1. e4 c5 2. d4 cxd4 3. Qxd4 Nc6 4. Qd3 Nf6 5. Nc3 e6 6. Bf4 Bb4 7. O-O-O O-O 8. Nge2 d5 9. exd5 exd5 10. Nxd5 Nxd5 11.
Qxd5 Qf6 12. Qg5 Qe6 13. a3 Be7 14. Qd5 Qf6 15. Qf3 Bf5 16. Qg3 Rac8 17. Nc3 Nd4 18. Rd2 Bxa3 19. Be5 Bxb2+ 20. Kxb2 Qb6+ 21. Kc1 Ne6 22. Bd3 Bg6 23. h4 Qa5 24. h5 Rxc3 25. Bxc3 Qxc3 26. Kd1 Qa1+ 27. Ke2 Qxh1 28. hxg6 hxg6 29. Rd1 Qh5+ 30. f3 Re8 31. Kf2 Qc5+ 32. Kf1 a5 33. Be4 b5 34. Rd5 Qc4+ 35. Kg1 a4 36. Qd6 Qc3 37. Kh2 a3 38. Rd3 1-0

[Event "Late-Titled-Tuesday-Blitz-March-19-2024"]
[Site "Chess.com"]
[Date "2024.03.19"]
[Round "5"]
[White "woodhy"]
[Black "BilicVladimir"]
[Result "1-0"]
[WhiteElo "2525"]
[BlackElo "2670"]
[TimeControl "180+1"]
[EndTime "14:55:29 PDT"]
[Termination "woodhy won by checkmate"]

1. e4 e6 2. d4 d5 3. e5 c5 4. c3 Nc6 5. Be3 Qb6 6. Qd2 cxd4 7. cxd4 Nge7 8. Nf3 Nf5 9. Nc3 Be7 10. Bd3 Nxe3 11.
fxe3 O-O 12. O-O Bd7 13. Rac1 Rac8 14. Kh1 Na5 15. e4 dxe4 16. Bxe4 Nc4 17. Qd3 g6 18. b3 Na3 19. d5 exd5 20. Nxd5 Qd8 21. Nc3 Bc6 22. Nd5 Bxd5 23. Bxd5 Rxc1 24. Rxc1 Qb6 25. Qe4 Nb5 26. Bxb7 Nc7 27. h4 Ne6 28. Bd5 Ng7 29.
Qf4 Qf2 30. Rc7 Nh5 31. Qg4 Bd8 32. Rd7 Bb6 33. e6 Qf1+ 34. Kh2 Kh8 35. Rxf7 Rxf7 36. exf7 Bc7+ 37. g3 Qf2+ 38. Kh1 Nxg3+ 39. Qxg3 Qxg3 40. f8=Q# 1-0

[Event "Late-Titled-Tuesday-Blitz-March-19-2024"]
[Site "Chess.com"]
[Date "2024.03.19"]
[Round "5"]
[White "grandcoach"]
[Black "MusicCityMaster"]
[Result "0-1"]
[WhiteElo "2228"]
[BlackElo "2446"]
[TimeControl "180+1"]
[EndTime "14:55:29 PDT"]
[Termination "MusicCityMaster won on time"]

1. e4 e6 2. Nf3 d5 3. e5 c5 4. b4 cxb4 5. a3 Nc6 6. axb4 Bxb4 7. c3 Bf8 8. d4 Nge7 9. Bd3 a6 10. h4 h6 11. h5 Na5 12. Qa4+ Nec6 13. Nbd2 Bd7 14. Qc2 b5 15. Rh3 Rc8 16. Qa2 Qb6 17. Ba3 Bxa3 18. Qxa3 b4 19. cxb4 Nxb4 20. Bb1 Nc4 21. Nxc4 Rxc4 22.
Rg3 O-O 23. Qe3 Kh8 24. Kf1 Nc2 25. Bxc2 Rxc2 26. Kg1 Qb2 27. Re1 a5 28. Nh2 f5 29.
exf6 Rxf6 30. Ng4 Rf5 31. Nxh6 Rfxf2 32. Qg5 Qxd4 33. Kh1 Rf8 34. Ng4 Qf4 35. Qxf4 Rxf4 36. Ne5 Be8 37. Ng6+ Bxg6 38. hxg6 Kg8 39. Rb1 Rc8 40.
Rb7 Ra8 41. Re7 Rf6 0-1

[Event "Late-Titled-Tuesday-Blitz-March-19-2024"]
[Site "Chess.com"]
[Date "2024.03.19"]
[Round "5"]
[White "kleber2007"]
[Black "Roedor"]
[Result "1-0"]
[WhiteElo "2488"]
[BlackElo "2299"]
[TimeControl "180+1"]
[EndTime "14:55:31 PDT"]
[Termination "kleber2007 won on time"]

1. Nf3 Nf6 2. g3 g6 3. b3 Bg7 4. Bb2 O-O 5. Bg2 d5 6. c4 c6 7.
O-O a5 8. Nc3 d4 9. Na4 Ne4 10. d3 Nc3 11. Qc2 Nxa4 12. bxa4 c5 13. Rab1 Nc6 14. a3 Rb8 15. Nd2 Bd7 16. Ne4 b6 17. Bc1 h6 18. Rb2 f5 19. Nd2 e5 20. Nf3 Kh7 21. h4 Re8 22. Nh2 Ne7 23.
Bd2 Bc6 24. Rfb1 Bxg2 25. Kxg2 Qd6 26. Qd1 Nc6 27. Qh1 e4 28. Kg1 e3 29. Be1 Ne5 30.
Qd5 Qc7 31. f4 Nc6 32. h5 Red8 33. hxg6+ Kxg6 34. Qg2 Ne7 35. Nf3 Kh7 36. Nh4 Ng6 37. Nxf5 Rg8 38. Bxa5 Nxf4 39. Qe4 Ng6 40. Nh4 Bf6 41.
Rxb6 Qxg3+ 42. Ng2 Qf2+ 43. Kh1 1-0

[Event "Late-Titled-Tuesday-Blitz-March-19-2024"]
[Site "Chess.com"]
[Date "2024.03.19"]
[Round "5"]
[White "dawid498"]
[Black "Fandorine"]
[Result "0-1"]
[WhiteElo "2698"]
[BlackElo "2932"]
[TimeControl "180+1"]
[EndTime "14:55:34 PDT"]
[Termination "Fandorine won by resignation"]

1. e4 c5 2. Nf3 e6 3. d4 cxd4 4. Nxd4 Nc6 5. Nc3 Nf6 6. Ndb5 d6 7. Bf4 e5 8. Bg5 a6 9. Na3 b5 10. Nd5 Be7 11. Bxf6 Bxf6 12. c3 Ne7 13. Nxf6+ gxf6 14. g3 Bb7 15. Bg2 f5 16. Qe2 Qc7 17. O-O Bxe4 18.
Bxe4 fxe4 19. Qxe4 Qc6 20. Qh4 h5 21. Rad1 d5 22. Nc2 Qe6 23. Ne3 f6 24. Rfe1 Rd8 25. f4 Ng6 26. f5 Nxh4 27. fxe6 Nf3+ 28. Kf2 Nxe1 29. Nf5 Nc2 30. Rc1 Rc8 31. Rxc2 Rc6 32. e7 Rc7 33. Rd2 Rd7 34. Kf3 Kf7 35. h3 Re8 36. a3 Rexe7 37. Nxe7 Kxe7 38. g4 hxg4+ 39.
Kxg4 Ke6 40. h4 Rg7+ 41. Kh3 e4 42. h5 f5 43. Kh4 Rg4+ 44. Kh3 Ke5 45. Rd1 e3 46. h6 Rg6 0-1

[Event "Late-Titled-Tuesday-Blitz-March-19-2024"]
[Site "Chess.com"]
[Date "2024.03.19"]
[Round "5"]
[White "Janh4"]
[Black "Felix-Rose"]
[Result "1/2-1/2"]
[WhiteElo "2153"]
[BlackElo "2266"]
[TimeControl "180+1"]
[EndTime "14:55:34 PDT"]
[Termination "Game drawn by repetition"]

1. d4 d5 2. Nc3 Nf6 3. Bf4 c5 4. e3 cxd4 5. exd4 a6 6. Nf3 Nc6 7. h3 Bf5 8. Bd3 Bxd3 9. Qxd3 e6 10. O-O Bd6 11. Bg5 Be7 12. Rfe1 O-O 13. a3 b5 14. Nd1 Ne4 15. Bxe7 Qxe7 16. Nd2 Nxd2 17. Qxd2 a5 18. Nc3 b4 19. axb4 axb4 20. Rxa8 Rxa8 21. Nxd5 Qd6 22. Ne3 Qxd4 23. Qxd4 Nxd4 24. Rd1 e5 25. Kf1 Rc8 26. Rd2 f6 27. Ke1 Kf7 28. Kd1 Ra8 29. Ke1 Ra1+ 30. Rd1 Ra2 31. Rb1 Ke6 32. Kd2 h5 33. c3 bxc3+ 34.
Kxc3 f5 35. Nc4 Kd5 36. Nb6+ Kc6 37. Nc4 Kd5 38. Nb6+ Ke6 39. Nc4 h4 40. Re1 Nc6 41. Kb3 Ra8 42. Nxe5 Rb8+ 43. Kc3 Nxe5 44. f4 Rc8+ 45.
Kd2 Rd8+ 46. Kc2 Rc8+ 47. Kd2 Rd8+ 48. Kc2 Rc8+ 49. Kd2 1/2-1/2

[Event "Late-Titled-Tuesday-Blitz-March-19-2024"]
[Site "Chess.com"]
[Date "2024.03.19"]
[Round "5"]
[White "Alex_Sahakyan2006"]
[Black "ChristopherYoo"]
[Result "0-1"]
[WhiteElo "2816"]
[BlackElo "2957"]
[TimeControl "180+1"]
[EndTime "14:55:35 PDT"]
[Termination "ChristopherYoo won by resignation"]

1. e4 c5 2. Nf3 d6 3. Nc3 Nf6 4. e5 dxe5 5. Nxe5 Qc7 6. Nc4 Nc6 7. g3 Nd4 8. Bg2 Bg4 9. f3 Be6 10. d3 g6 11. Bf4 Qc8 12. Be5 Bg7 13. f4 Bh3 14. Qd2 O-O 15. O-O b5 16. Ne3 Bxg2 17. Qxg2 Qd7 18. Rae1 Rfd8 19. Bxf6 Bxf6 20. Ned5 Kg7 21.
Nxf6 exf6 22. Ne4 Rac8 23. Kh1 a5 24. c4 b4 25. g4 f5 26. Nf2 Qc6 27. g5 Ne6 28.
Qxc6 Rxc6 29. Nd1 Rxd3 30. Ne3 Rd4 31. Rd1 Rcd6 32. b3 Rxd1 33. Rxd1 Rxd1+ 34. Nxd1 Nxf4 35. Nb2 f6 36. h4 fxg5 37. hxg5 Ne6 38. Nd3 Kf8 39.
Kg2 Ke7 40. Kf3 Kd6 41. Kg3 Nxg5 42. Kf4 Ne6+ 43. Ke3 g5 44. Kf3 h5 45. Kg3 h4+ 46. Kf3 g4+ 0-1

[Event "Late-Titled-Tuesday-Blitz-March-19-2024"]
[Site "Chess.com"]
[Date "2024.03.19"]
[Round "5"]
[White "Bkmzzzzz"]
[Black "IMRosen"]
[Result "1-0"]
[WhiteElo "2402"]
[BlackElo "2619"]
[TimeControl "180+1"]
[EndTime "14:55:35 PDT"]
[Termination "Bkmzzzzz won by checkmate"]

1. e4 e5 2. Nf3 Nf6 3. Nc3 Bc5 4.
Nxe5 Nc6 5. Nf3 d5 6. exd5 Nxd5 7.
Bc4 Nf4 8. O-O Bg4 9. d4 Bd6 10. Re1+ Kf8 11. Be3 Ne7 12. h3 Bh5 13. Ne4 Nf5 14.
Bxf4 Bxf4 15. g4 Bxg4 16. hxg4 Nd6 17. Nxd6 Qxd6 18. Qd3 g6 19. Qe4 h5 20. g5 Kg7 21.
Ne5 Bxe5 22. Qxe5+ Qxe5 23. Rxe5 Rhd8 24. c3 Rd7 25. Rae1 Kf8 26. f4 c6 27. Kf2 Rad8 28.
Kf3 b5 29. Bb3 a5 30. Bc2 b4 31. Rxa5 bxc3 32. bxc3 Rb8 33. Bb3 Rbd8 34. Ra6 Rc7 35. Re5 Kg7 36. Rc5 Rd6 37. Ba4 h4 38. Raxc6 Rdxc6 39.
Rxc6 Ra7 40. Bb3 Rb7 41. Kg4 h3 42. Kxh3 Re7 43. Kg4 Rb7 44. Rf6 Kh8 45. Rxf7 Ra7 46. Rf6 Rg7 47. Bc2 Rc7 48. Bxg6 Rxc3 49. Bf5 Ra3 50.
Rc6 Ra7 51. g6 Rh7 52. gxh7 Kg7 53. Rc7+ Kh8 54. Rc8+ Kg7 55. h8=Q+ Kf7 56. Qh7+ Kf6 57. Rc6# 1-0

[Event "Late-Titled-Tuesday-Blitz-March-19-2024"]
[Site "Chess.com"]
[Date "2024.03.19"]
[Round "5"]
[White "KaydenTroffChess"]
[Black "GMBenjaminBok"]
[Result "0-1"]
[WhiteElo "2849"]
[BlackElo "2971"]
[TimeControl "180+1"]
[EndTime "14:55:38 PDT"]
[Termination "GMBenjaminBok won on time"]

1. d4 Nf6 2. Nf3 d5 3. Bf4 e6 4. e3 c5 5. Nc3 Bd6 6. dxc5 Bxc5 7.
Nb5 Na6 8. Be2 O-O 9. O-O Bd7 10. Ne5 Bxb5 11. Bxb5 Qb6 12. Qe2 Bd6 13. Bxa6 bxa6 14. c3 Rab8 15. b3 Qc7 16. Nd3 Bxf4 17. Nxf4 a5 18.
Rac1 Rfc8 19. c4 a4 20. Nd3 axb3 21. cxd5 Qa5 22. dxe6 Rxc1 23. exf7+ Kf8 24. Rxc1 bxa2 25. Qd1 Rd8 26. Ra1 Qd5 27. Nb2 Qxd1+ 28. Nxd1 Ne4 29. f3 Nc5 30. Nc3 Rd3 31. Ne4 Nxe4 32. fxe4 Rd2 33. h3 Kxf7 34. Kh2 Ke6 35. Kg3 Ke5 36. Kf3 Rb2 37.
g3 a5 38. h4 h5 39. g4 hxg4+ 40. Kxg4 Kxe4 41. Kg5 Kxe3 42. Kg6 Rg2+ 43. Kf5 Kd3 44. Rd1+ Kc3 45. Ke4 Kb2 46. Kf3 Rc2 0-1

[Event "Late-Titled-Tuesday-Blitz-March-19-2024"]
[Site "Chess.com"]
[Date "2024.03.19"]
[Round "5"]
[White "AlexeiShirov"]
[Black "mbachez"]
[Result "1-0"]
[WhiteElo "2841"]
[BlackElo "2647"]
[TimeControl "180+1"]
[EndTime "14:55:39 PDT"]
[Termination "AlexeiShirov won on time"]

1. e4 e5 2. Nf3 Nc6 3. Bb5 a6 4. Ba4 Nf6 5. O-O d6 6. d4 Bd7 7. d5 Ne7 8. Bxd7+ Qxd7 9. Re1 g6 10.
c4 Bg7 11. c5 O-O 12. Nbd2 Nh5 13. Nc4 Rae8 14. cxd6 cxd6 15. a4 Nf4 16. Bxf4 exf4 17. Rc1 b5 18. axb5 axb5 19. Na5 Bxb2 20. Rc2 Bg7 21.
Qd2 f5 22. Ng5 fxe4 23. Ne6 e3 24. fxe3 fxe3 25. Qd3 Qa7 26. Nxf8 Rxf8 27. Nc6 Nxc6 28. dxc6 Kh8 29. c7 Rc8 30. Qxb5 h5 31. Qd7 Qb7 32. Qxd6 Rf8 33. Qc6 Qc8 34. Rce2 Qf5 35. Qf3 Qc8 36. Qc6 Qf5 37. h3 Bd4 38. Qc4 Bb6 39. Qb4 Bxc7 40. Rxe3 Qf2+ 41. Kh1 Bg3 42. Qc3+ Kh7 43. Rxg3 1-0

[Event "Late-Titled-Tuesday-Blitz-March-19-2024"]
[Site "Chess.com"]
[Date "2024.03.19"]
[Round "5"]
[White "GM_shahin"]
[Black "PolandHussars"]
[Result "0-1"]
[WhiteElo "2870"]
[BlackElo "2567"]
[TimeControl "180+1"]
[EndTime "14:55:39 PDT"]
[Termination "PolandHussars won by resignation"]

1. e4 e5 2. Nf3 Nc6 3. Bb5 g6 4.
d4 exd4 5. c3 dxc3 6. Nxc3 Bg7 7. Bg5 Nce7 8. O-O h6 9. Bh4 a6 10. Ba4 g5 11. Bg3 Nf6 12. e5 Nh5 13. Bb3 Nxg3 14. fxg3 O-O 15. Qe2 d5 16. exd6 Qxd6 17. Ne4 Qb6+ 18. Kh1 Be6 19. Rae1 Rfe8 20. Bxe6 Qxe6 21. Qc2 Qc6 22. Qb3 Qd5 23. Qc2 Nc6 24.
a3 Rad8 25. Nc5 Rxe1 26. Rxe1 Nd4 27. Nxd4 Bxd4 28. Ne4 c5 29. Rd1 Qc6 30. g4 Re8 31.
Ng3 Qe6 32. h3 b6 33. Nf5 Bg7 34. Qa4 b5 35. Qc2 Bf8 36. Ng3 Qe5 37. Nf5 c4 38.
Qf2 Kh7 39. Ng3 Re7 40. Nh5 Bg7 41. Rf1 Rd7 42. Qc2+ Kg8 43. a4 Rd3 44. axb5 axb5 45. Qf2 Qd5 46. Nxg7 Kxg7 47. Qf6+ Kh7 48. Qxf7+ Qxf7 49.
Rxf7+ Kg6 50. Rf2 b4 51. Rc2 c3 52. bxc3 Rxc3 53. Ra2 b3 54. Ra6+ Kg7 55. Rb6 Rd3 56. Kg1 Rc3 57. Kf2 Rd3 58. Ke2 Rc3 59. Kd2 Rc2+ 60.
Ke1 b2 0-1

[Event "Late-Titled-Tuesday-Blitz-March-19-2024"]
[Site "Chess.com"]
[Date "2024.03.19"]
[Round "5"]
[White "Slovak_fighter2000"]
[Black "Heinza9"]
[Result "1-0"]
[WhiteElo "2583"]
[BlackElo "2330"]
[TimeControl "180+1"]
[EndTime "14:55:39 PDT"]
[Termination "Slovak_fighter2000 won by checkmate"]

1. c4 f5 2. d4 e6 3. Nc3 Nf6 4. g3 Be7 5. Bg2 O-O 6. Nf3 d6 7. O-O Ne4 8. Nxe4 fxe4 9. Nd2 d5 10. f3 Nc6 11. e3 dxc4 12. Nxe4 b5 13. f4 Bb7 14. a4 b4 15. Qc2 Na5 16. Bd2 Rb8 17. Nf2 Bxg2 18. Kxg2 c5 19. dxc5 Bxc5 20. Rfd1 Qc7 21.
Ne4 Be7 22. Be1 Nb3 23. Rab1 a5 24. Nf2 Rfd8 25. Rxd8+ Rxd8 26. Rd1 Qc6+ 27. e4 Rxd1 28. Nxd1 Na1 29. Qb1 Qxa4 30. Ne3 b3 31. Qd1 Nc2 32. Bf2 Qc6 33. Qf3 Nd4 34. Qd1 Qxe4+ 35. Kh3 Nc2 36. Ng4 Qd3 37. Qh1 Qd5 38. Qf1 a4 39. Qe2 a3 40. bxa3 Nxa3 41. Ne5 c3 42. Qa6 Nc2 43. Qc8+ Qd8 44. Qxe6+ Kh8 45. Nf7+ Kg8 46. Nxd8+ Kh8 47. Nf7+ Kg8 48. Nh6+ Kf8 49. Qf7# 1-0

[Event "Late-Titled-Tuesday-Blitz-March-19-2024"]
[Site "Chess.com"]
[Date "2024.03.19"]
[Round "5"]
[White "maurovargas01"]
[Black "ArchibaldCerveza29"]
[Result "0-1"]
[WhiteElo "1816"]
[BlackElo "2363"]
[TimeControl "180+1"]
[EndTime "14:55:39 PDT"]
[Termination "ArchibaldCerveza29 won on time"]

1. e4 e5 2. Nf3 Nf6 3. Nxe5 d6 4.
Nf3 Nxe4 5. Nc3 Nxc3 6. dxc3 Be7 7. Be3 Nc6 8. Qd2 Be6 9. O-O-O Qd7 10. Kb1 Bf6 11.
Nd4 Nxd4 12. cxd4 d5 13. Be2 O-O-O 14. Rhe1 h6 15. h3 Kb8 16. Bf4 Rhe8 17. Bg3 Bf5 18. Bf3 Qc6 19. Rc1 Bg5 20. Bf4 Rxe1 21. Rxe1 Bxf4 22. Qxf4 Bxc2+ 23. Ka1 Bg6 24. Rc1 Qd6 25. Qe3 Qe6 26. Qa3 a6 27. Qc5 Qd6 28. Qc3 Be4 29. Bxe4 dxe4 30. d5 f6 31. g3 Rd7 32. Rd1 Re7 33. Qd4 Qe5 34. Qe3 Rd7 35. Qb3 Rd6 36. Qc4 Rb6 37. Rd2 e3 38. fxe3 Qxe3 39. Qc1 Qxg3 40.
Qf1 Qe5 41. a3 Rd6 42. Qd1 f5 43. Re2 Qf6 44. Re8+ Ka7 45. Qg1+ b6 46. Qc1 Kb7 47. Re6 Rxe6 48. dxe6 Qxe6 49. Qh1+ Qe4 50. Qg1 g5 51. h4 g4 52. h5 Qf3 53. Qc1 f4 54.
Qc3 Qxc3 55. bxc3 g3 0-1